 Dungeon Crawl Stone Soup version 0.17-a0-1701-gf693a3f (webtiles) character file.

38806 Medar the Martial Artist (level 13, -2/110 HPs)
             Began as a Demigod Transmuter on Aug 20, 2015.
             Slain by a komodo dragon (23 damage)
             ... on level 7 of the Lair of Beasts on Aug 21, 2015.
             The game lasted 01:33:27 (28512 turns).

Medar the Martial Artist (Demigod Transmuter)      Turns: 28512, Time: 01:33:27

Health: -2/110     AC:  8    Str: 13    XL:     13   Next: 32%
Magic:  25/27      EV: 24    Int: 28    God:
Gold:   776        SH:  0    Dex: 21    Spells: 9 memorised, 1 level left

rFire  + . .     SeeInvis .       - Unarmed
rCold  . . .     Clarity  .     A - +2 leather armour {rF+}
rNeg   . . .     SustAt   +     (shield currently unavailable)
rPois  .         Gourm    .     f - +0 helmet
rElec  .         Spirit   .     (no cloak)
rCorr  .         Warding  .     (gloves currently unavailable)
rMut   .         Stasis   .     N - +1 pair of boots
MR     +....                    r - amulet of rage
Stlth  +++.......               K - +3 ring of slaying
                                v - +3 ring of intelligence

@: agile, blade hands, repel missiles, somewhat resistant to hostile
enchantments, fairly stealthy
A: high mp 1, sustain attributes
a: End Transformation, Evoke Berserk Rage


You were on level 7 of the Lair of Beasts.
You were not hungry.
You had blades for hands.
You visited 3 branches of the dungeon, and saw 19 of its levels.
You also visited: Labyrinth, Ossuary and Volcano.

You collected 1524 gold pieces.
You spent 748 gold pieces at shops.

Inventory:

Missiles
 u - 3 tomahawks of dispersal (quivered)
 M - 26 arrows
Armour
 f - a +0 helmet (worn)
 A - a +2 leather armour of fire resistance (worn)
 D - a +0 buckler (melded)
 N - a +1 pair of boots (worn)
Rods
 a - a +3 iron rod (12/12)
   (You took it off a minotaur in a labyrinth)
 P - a -1 rod of clouds (10/10) {!a}
   (You found it in a labyrinth)
Jewellery
 b - an uncursed amulet of resist corrosion
 l - an uncursed ring of protection from cold
 p - an uncursed ring of protection from magic
 r - an amulet of rage (around neck)
 v - a +3 ring of intelligence (left scythe-like blade)
 z - an uncursed ring of positive energy
 I - an uncursed ring of see invisible
 J - an uncursed ring of poison resistance
 K - a +3 ring of slaying (right scythe-like blade)
 Q - an uncursed amulet of guardian spirit
 R - a +2 ring of intelligence
 T - an uncursed ring of invisibility
Magical devices
 c - a wand of teleportation (6)
 i - a wand of hasting (5)
 n - a wand of fireball (0)
 o - a wand of draining (7)
 y - a wand of paralysis (11)
 B - a wand of flame (22)
 F - a wand of teleportation (2)
 O - a wand of slowing (31)
 S - a wand of lightning (0)
 U - a wand of disintegration (11)
 Z - a wand of confusion (23)
Scrolls
 e - 3 scrolls of recharging
 j - a scroll of torment {unknown}
 k - 16 scrolls of remove curse {@r1}
 x - 2 scrolls of fog
 X - a scroll of holy word
 Y - 2 scrolls of teleportation
Potions
 h - a potion of ambrosia
 m - a potion of heal wounds
 s - 3 potions of lignification
 t - a potion of resistance
 C - 2 potions of magic {unknown}
 E - 2 potions of brilliance
 G - 2 potions of might
 H - 2 potions of agility
 L - 2 potions of haste
 W - a potion of flight
Comestibles
 d - 11 bread rations {@e1}
 g - 5 meat rations {@e2}
 q - 4 chunks of flesh
 V - 7 fruits


   Skills:
 + Level 8.9 Fighting
 - Level 4.0 Armour
 + Level 8.9 Dodging
 - Level 4.4 Shields
 + Level 12.6 Unarmed Combat
 - Level 6.5 Spellcasting
 - Level 1.0 Charms
 - Level 2.1 Translocations
 - Level 8.1 Transmutations
 - Level 2.4 Fire Magic
 - Level 2.1 Ice Magic
 - Level 1.0 Air Magic
 - Level 1.3 Poison Magic
 - Level 1.0 Evocations


You had one spell level left.
You knew the following spells:

 Your Spells              Type           Power        Failure   Level  Hunger
a - Blade Hands           Trmt           ######....   45%         5    #####..
c - Ignite Poison         Fire/Trmt/Pois ####....     32%         3    None
d - Sticks to Snakes      Trmt           ######....   12%         2    None
e - Swiftness             Chrm/Air       ##......     45%         2    None
f - Spider Form           Trmt/Pois      #####.....   28%         3    None
g - Ice Form              Ice/Trmt       #####...     50%         4    ###....
r - Repel Missiles        Chrm/Air       ##....       45%         2    None
s - Beastly Appendage     Trmt           ######       10%         1    None
w - Blink                 Tloc           N/A          36%         2    None


Dungeon Overview and Level Annotations

Branches:
Dungeon (11/15)            Temple (0/1) D:5            Lair (7/8) D:10
  Swamp (0/4) Lair:3          Orc (1/4) D:9
  Snake: Lair:3-6    Spider: Lair:3-6     Slime: Lair:6-8

Shops:
D:4 *   D:8 =

Portals:
Trove: D:11 (give wand of heal wounds (9))

Annotations:
D:5 gold
D:11 Urug
Lair:3 exclusion: 4 oklob plants
Lair:4 exclusion: 3 upstairs


Innate Abilities, Weirdness & Mutations

You have an increased reservoir of magic (+10% MP).
Your attributes are resistant to harm.


Message History

You barely miss the yak.
The yak is almost dead.
You feel sick. The yak misses you.
The komodo dragon bites the plant!
You hit the yak.
You kill the yak!
You feel sick.
You slash the komodo dragon!
The komodo dragon is moderately wounded.
You feel sick.
You hit the komodo dragon. You slash the komodo dragon.
The komodo dragon is heavily wounded.
You feel sick.
The komodo dragon completely misses you.
You hit the komodo dragon but do no damage.
The komodo dragon is heavily wounded.
You feel sick. The komodo dragon bites you!!
* * * LOW HITPOINT WARNING * * *
Drink which item? (? for menu, Esc to quit)
You feel better. The komodo dragon bites you!!
You die...

..........###..##...P#
...........##...#...P#
..........###..###...#
...............P#....##
.....................P#
..........P.P#.##...###
.....P......##.##P...#
###.###...#....#....##
## #.@..........<.##
##lP.........รท..##
#...............#
##..............#.#
#...............###
#P...............#
#................##
...................
....................#


You could see a komodo dragon.

Vanquished Creatures
  Maud (Lair:4)
  A minotaur (Lab)
  Josephine (Lair:5)
  The ghost of PeterLawrence the Fighter, a powerful MiFi of Okawaru (Lair:1)
  2 hydras
  Erolcha (D:8)
  An unseen horror (D:10)
  A hill giant (D:11)
  A lindwurm (Orc:1)
  A griffon (Lair:4)
  3 black mambas
  9 elephants (Lair:6)
  2 gargoyles
  3 molten gargoyles (Volcano)
  11 spiny frogs
  6 komodo dragons
  A kobold demonologist (D:11)
  A troll (D:9)
  A fire drake (D:10)
  A minotaur skeleton (Lab)
  A two-headed ogre (D:8)
  19 blink frogs
  A deep elf mage (D:10)
  15 yaks
  6 wraiths
  A basilisk (Lair:2)
  2 wyverns
  A hungry ghost (D:11)
  A warg (Orc:1)
  Menkaure (D:7)
  22 wolves
  7 hippogriffs
  9 porcupines
  5 orc warriors
  9 water moccasins
  2 phantoms
  A sky beast (D:5)
  A black bear (D:7)
  A swamp drake (Lair:3)
  3 centaurs
  A necrophage (D:9)
  A wasp (Lair:2)
  4 ice beasts
  3 ogres
  9 crocodiles
  An earth elemental (Lab)
  18 giant frogs
  A gnoll sergeant (D:8)
  A scorpion (D:6)
  3 killer bees (D:9)
  5 wights (D:5)
  2 crimson imps
  12 orc priests
  3 giant frog zombies
  A quasit (D:8)
  4 giant frog skeletons
  3 jellies
  2 centaur skeletons
  13 orc wizards
  9 hounds
  14 iguanas
  12 sheep
  5 worker ants
  An ogre skeleton (Lab)
  A mummy (D:8)
  4 worker ant zombies
  3 adders
  28 river rats
  4 gnolls
  An adder zombie (D:6)
  2 adder skeletons
  85 orcs
  3 ball pythons
  7 bats
  3 gnoll skeletons (Ossuary)
  4 hobgoblins
  5 jackals
  2 quokkas
  10 giant cockroaches
  4 giant geckos
  5 giant newts
  4 goblins
  A jackal zombie (D:5)
  6 kobolds
  9 kobold skeletons (Ossuary)
  13 orc skeletons (Ossuary)
  A quokka skeleton (D:4)
  A quokka zombie (D:5)
  4 rats
495 creatures vanquished.

Vanquished Creatures (collateral kills)
  A cyclops (D:11)
  Prince Ribbit (D:8)
  A yak (D:9)
  A hippogriff (D:11)
  A porcupine (Lair:1)
  An orc warrior (D:6)
  A centaur zombie (D:5)
  A giant frog skeleton (D:5)
  An iguana (D:6)
  A worker ant (D:4)
  2 sheep (Lair:1)
  A mummy (Ossuary)
  2 adders
  A giant gecko (D:11)
  An orc (D:3)
  A rat (D:3)
18 creatures vanquished.

Vanquished Creatures (others)
  An orc priest (D:5)
  An orc wizard (D:5)
  An orc (D:5)
  24 fungi
  5 plants
32 creatures vanquished.

Grand Total: 545 creatures vanquished

Notes
Turn   | Place    | Note
--------------------------------------------------------------
     0 | D:1      | Medar the Demigod Transmuter began the quest for the Orb.
     0 | D:1      | Reached XP level 1. HP: 15/15 MP: 5/5
   161 | D:1      | Reached skill level 3 in Unarmed Combat
   562 | D:1      | Reached XP level 2. HP: 22/22 MP: 5/7
   657 | D:1      | Learned a level 2 spell: Sticks to Snakes
  1933 | D:2      | Reached XP level 3. HP: 27/27 MP: 6/8
  2863 | D:3      | Learned a level 3 spell: Spider Form
  3396 | D:4      | Reached skill level 1 in Poison Magic
  3396 | D:4      | Reached XP level 4. HP: 16/34 MP: 6/9
  3655 | D:4      | Reached skill level 4 in Unarmed Combat
  4373 | D:4      | Found Maggaoh's General Store.
  4381 | D:4      | Bought a scroll of teleportation for 36 gold pieces
  4381 | D:4      | Bought a wand of flame (27) for 174 gold pieces
  4381 | D:4      | Bought 23 arrows for 55 gold pieces
  4571 | D:4      | Got a jewelled trident
  4572 | D:4      | Identified the +4 trident of Doubt {pierce, rF++ Str-4 Stlth+} (You found it on level 4 of the Dungeon)
  4705 | D:5      | Entered Level 5 of the Dungeon
  4712 | D:5      | Reached XP level 5. HP: 24/39 MP: 6/11
  4865 | D:5      | Reached skill level 5 in Unarmed Combat
  5296 | D:5      | Found a staircase to the Ecumenical Temple.
  5318 | D:5      | Reached XP level 6. HP: 35/46 MP: 12/12
  5322 | D:5      | Learned a level 2 spell: Blink
  5445 | D:5      | Noticed a sky beast
  5465 | D:5      | Killed a sky beast
  5813 | D:5      | Got a smoking hand axe
  5814 | D:5      | Identified the +6 hand axe "Jiymauje" {chop, rN+} (You found it on level 5 of the Dungeon)
  6651 | D:5      | Reached XP level 7. HP: 44/51 MP: 10/13
  6666 | D:5      | Learned a level 2 spell: Repel Missiles
  6727 | D:5      | Reached skill level 1 in Charms
  6727 | D:5      | Reached skill level 1 in Air Magic
  7219 | D:6      | Reached skill level 5 in Transmutations
  7400 | D:6      | Reached skill level 6 in Unarmed Combat
  7514 | D:6      | Reached XP level 8. HP: 53/58 MP: 9/14
  7607 | D:6      | Reached skill level 7 in Unarmed Combat
  7832 | D:6      | Reached skill level 1 in Fighting
  8136 | D:6      | Found a burning altar of Makhleb.
  9102 | D:7      | Noticed Menkaure
  9307 | D:7      | Learned a level 5 spell: Blade Hands
  9314 | D:7      | Killed Menkaure
  9500 | D:8      | Found a sand-covered staircase.
  9571 | Ossuary  | Entered an ossuary
  9823 | D:8      | Noticed Prince Ribbit
  9832 | D:8      | Killed Prince Ribbit
  9832 | D:8      | Reached XP level 9. HP: 34/68 MP: 16/19
 10006 | D:8      | Noticed Erolcha
 10101 | D:8      | Noticed a two-headed ogre
 10133 | D:8      | Killed a two-headed ogre
 10261 | D:8      | Found Joriteq's Jewellery Shop.
 10490 | D:8      | Killed Erolcha
 10490 | D:8      | Reached skill level 8 in Unarmed Combat
 11304 | D:9      | Found a white marble altar of Elyvilon.
 11355 | D:9      | Reached skill level 5 in Dodging
 11701 | D:9      | Found a staircase to the Orcish Mines.
 11749 | D:9      | Reached skill level 1 in Armour
 11749 | D:9      | Reached XP level 10. HP: 78/80 MP: 16/20
 12676 | D:10     | Entered Level 10 of the Dungeon
 12725 | D:10     | Found a staircase to the Lair.
 12734 | D:10     | Got a polished leather armour
 12886 | D:10     | Identified the +0 leather armour "Geigyid" {rElec rF- Regen+ Stlth-} (You found it on level 10 of the Dungeon)
 13022 | D:8      | Bought an uncursed ring of see invisible for 195 gold pieces
 13394 | D:10     | Noticed an unseen horror
 13410 | D:10     | Killed an unseen horror
 13533 | D:10     | Reached skill level 9 in Unarmed Combat
 13777 | Lair:1   | Entered Level 1 of the Lair of Beasts
 14103 | Lair:1   | Reached skill level 5 in Spellcasting
 14491 | D:10     | Learned a level 3 spell: Ignite Poison
 14530 | Lair:1   | Noticed PeterLawrence's ghost (powerful MiFi)
 14630 | Lair:1   | Killed PeterLawrence's ghost
 14811 | Lair:1   | Noticed a six-headed hydra
 14886 | Lair:1   | Reached skill level 5 in Fighting
 15193 | D:11     | Noticed Urug
 15263 | D:11     | Noticed a hill giant
 15271 | D:11     | Killed a hill giant
 15271 | D:11     | Reached skill level 1 in Shields
 15271 | D:11     | Reached XP level 11. HP: 70/86 MP: 17/22
 15372 | D:11     | Noticed a cyclops
 15403 | D:11     | Killed a cyclops
 15529 | D:11     | Found a portal to a secret trove of treasure.
 16674 | Orc:1    | Entered Level 1 of the Orcish Mines
 17189 | Orc:1    | Found a dark tunnel.
 17211 | Volcano  | Entered a volcano
 17690 | D:4      | Bought a wand of teleportation (4) for 288 gold pieces
 18664 | Lair:1   | Learned a level 2 spell: Swiftness
 18914 | Lair:2   | Reached skill level 10 in Unarmed Combat
 19222 | Lair:2   | Reached skill level 1 in Evocations
 19690 | Lair:1   | Upgraded the game from 0.17-a0-1691-g18a3847 to 0.17-a0-1701-gf693a3f
 20868 | Lair:2   | Reached XP level 12. HP: 84/97 MP: 25/25
 20961 | D:10     | Learned a level 4 spell: Ice Form
 21002 | Lair:1   | Killed a six-headed hydra
 21462 | Lair:3   | Found a staircase to the Swamp.
 21674 | Lair:3   | Found a labyrinth entrance.
 21683 | Lab      | Entered a labyrinth
 22079 | Lab      | Reached skill level 11 in Unarmed Combat
 22696 | Lab      | Noticed a minotaur
 22703 | Lab      | Killed a minotaur
 22766 | Lab      | Identified a -1 rod of clouds (10/10) (You found it in a labyrinth)
 22771 | Lab      | Got a jewelled trident
 23556 | Lair:4   | Noticed Maud
 23583 | Lair:4   | Killed Maud
 24964 | Lair:5   | Noticed Josephine
 24974 | Lair:5   | Killed Josephine
 24974 | Lair:5   | Reached skill level 12 in Unarmed Combat
 26783 | Lair:6   | Reached XP level 13. HP: 94/107 MP: 22/27
 26872 | Lair:6   | Noticed an eight-headed hydra
 26890 | Lair:6   | Killed an eight-headed hydra
 28512 | Lair:7   | Slain by a komodo dragon

Vault maps used:
D:1:      eino_arrival_water_cross
D:2:      kennysheep_six_static_rooms
D:3:      kennysheep_generic_room_13
D:4:      serial_shops, shop_statue, serial_co_window_serial, co_window_paths_a,
          co_window_of_opportunity_a, co_window_paths_b, co_window_paths_a,
          co_window_paths_b, co_window_of_opportunity_a, co_window_corner_a,
          co_window_paths_c, co_window_of_opportunity_b, co_window_2corner,
          co_window_broadway_a, co_window_4corner_b, glass_columns_c,
          glass_columns_a, glass_columns_c, glass_columns_c, glass_columns_c,
          kennysheep_generic_room_11
D:5:      lemuel_ice_spiral_2, minmay_temple_entry_hall, first_bread
D:6:      lemuel_crystal_altar
D:7:      serial_co_window_serial, co_window_of_opportunity_a,
          co_window_corner_a, co_window_cross_1, co_window_corner_a,
          co_window_paths_b, co_window_corner_a, co_window_paths_b,
          co_window_of_opportunity_b, co_window_unsneaky_path_c,
          co_window_broadway_b, co_window_corner_ca, co_window_corner_b,
          co_window_unsneaky_path_c, co_window_of_opportunity_b,
          glass_columns_c, glass_columns_a, glass_columns_a, glass_columns_a,
          uniq_menkaure
D:8:      serial_shops, shop, gup_ossuary_entry_pyramid, uniq_erolcha,
          uniq_prince_ribbit1
D:9:      hiddenorc1_lemuel, basic_altar, minmay_holes
D:10:     minmay_lair_entry_lava
D:11:     nicolae_trove_entry_crossroad, uniq_urug
Lair:2:   forest_paths, infiniplex_staircase_pool_2
Lair:3:   dpeg_oklob_gauntlet, minmay_swamp_entry_reptiles,
          spider_nest_entry_rubble, lab_entry_generic,
          nicolae_quartered_pool_little, grunt_megastairs_2
Lair:4:   patterned_corridor, uniq_maud
Lair:5:   uniq_josephine
Lair:7:   beast_lair_carwin_large_1, slime_altar_2, st_stairs_11
Orc:1:    nicolae_volcano_entry_vermiform, uniq_erica
Lab:      labyrinth_spiral, nicolae_lab_starburst, labyrinth_skeletal_remains,
          labyrinth_baited_teleportation_trap, nicolae_lab_plus, lab_fountain
Ossuary:  ossuary_due_mausoleum
Volcano:  volcano_aerie

Action                   |  1- 3 |  4- 6 |  7- 9 | 10-12 | 13-15 || total
-------------------------+-------+-------+-------+-------+-------++-------
Melee: Unarmed           |   134 |   106 |   429 |   875 |   136 ||  1680
Throw: Tomahawk          |       |       |       |     7 |       ||     7
 Cast: Beastly Appendage |    38 |     7 |     5 |     2 |       ||    52
       Sticks to Snakes  |     7 |     8 |    25 |    35 |       ||    75
       Spider Form       |       |    11 |    41 |    22 |       ||    74
       Repel Missiles    |       |       |     1 |     2 |       ||     3
       Blade Hands       |       |       |       |    50 |     5 ||    55
       Blink             |       |       |       |     2 |       ||     2
       Ice Form          |       |       |       |    13 |     9 ||    22
 Abil: End Transformatio |       |       |     1 |     9 |     3 ||    13
Evoke: Wand              |     1 |       |     5 |    15 |     4 ||    25
  Use: Scroll            |     6 |     3 |    10 |    14 |       ||    33
       Potion            |       |     2 |     3 |     6 |     4 ||    15
 Stab: Sleeping          |     5 |       |     1 |     1 |       ||     7
       Confused          |     1 |       |       |       |       ||     1
       Distracted        |       |       |     4 |     5 |       ||     9
  Eat: Chunk             |     8 |     5 |    17 |    46 |     4 ||    80
       Pizza             |       |     1 |     1 |     2 |       ||     4
       Meat ration       |       |     1 |       |     2 |     1 ||     4
       Beef jerky        |       |       |     1 |     1 |       ||     2
       Fruit             |       |       |     1 |       |       ||     1
       Royal jelly       |       |       |       |     1 |       ||     1
